 Dungeon Crawl Stone Soup version 0.29-a0-330-g52719c12eb (webtiles) character file.

Game seed: 7102136459359685314

42 kae the Firebug (level 3, -8/20 HPs)
             Began as a Tengu Fire Elementalist on Apr 14, 2022.
             Mangled by a worm (10 damage)
             ... on level 2 of the Dungeon.
             The game lasted 00:00:27 (1733 turns).

kae the Firebug (Tengu Fire Elementalist)           Turns: 1733, Time: 00:00:28

Health: -8/20      AC:  2    Str:  8    XL:     3   Next: 56%
Magic:  0/7        EV: 12    Int: 17    God:
Gold:   34         SH:  0    Dex: 14    Spells: 3/6 levels left

rFire   . . .      SeeInvis .   (no weapon)
rCold   . . .      Faith    .   (no shield)
rNeg    . . .      Spirit   .   a - +0 robe
rPois   .          Reflect  .   c - +0 hat
rElec   .          Harm     .   (no cloak)
rCorr   .          Rampage  .   (no gloves)
Will    .....                   (boots unavailable)
Stlth   ++........              (no amulet)
HPRegen 0.06/turn               (no ring)
MPRegen 0.10/turn               (no ring)

@: no status effects
A: beak, talons 3
a: no special abilities


You were on level 2 of the Dungeon.
You visited 1 branch of the dungeon, and saw 2 of its levels.

You collected 34 gold pieces.

Inventory:

Armour
 a - a +0 robe (worn)
 c - a +0 hat (worn)
Jewellery
 i - a +4 ring of protection
Wands
 h - a wand of polymorph (7)
Scrolls
 e - 3 scrolls of torment {unknown}
 g - 3 scrolls of brand weapon {unknown}
Potions
 b - a potion of magic
 d - 2 potions of curing {unknown}
 f - a potion of berserk rage {unknown}


   Skills:
 + Level 1.1 Fighting
 + Level 2.5 Dodging
 - Level 2.0 Stealth
 + Level 2.3 Spellcasting
 + Level 2.0 Conjurations
 * Level 3.9 Fire Magic


You had 3 spell levels left.
You knew the following spells:

 Your Spells              Type           Power      Damage    Failure   Level
a - Foxfire               Conj/Fire      48%        2x1d6     5%          1
b - Scorch                Fire           30%        2d7       5%          2

Your spell library contained the following spells:

 Spells                   Type           Power      Damage    Failure   Level
 Conjure Flame            Conj/Fire      12%        6-21      16%         3
 Animate Skeleton         Necr           4%         N/A       19%         1
 Apportation              Tloc           4%         N/A       19%         1
 Summon Small Mammal      Summ           8%         N/A       19%         1
 Inner Flame              Hex/Fire       8%         N/A       26%         3
 Flame Wave               Conj/Fire      12%        2d6       47%         4


Dungeon Overview and Level Annotations

Branches:
Dungeon (2/15)

Altars:

Shops:
D:2 =


Innate Abilities, Weirdness & Mutations

You have a beak for a mouth.
You have claws for feet.


Message History

Casting: Foxfire (safe; 5% risk of failure)
Confirm with . or Enter, or press ? or * to list all spells.
You conjure some foxfire!
The foxfire hits the worm.
The worm is heavily wounded.
The foxfire hits the worm.
The worm is severely wounded.
A worm is nearby!
Casting: Foxfire (safe; 5% risk of failure)
Confirm with . or Enter, or press ? or * to list all spells.
You conjure some foxfire!
The foxfire hits the worm.
The worm is severely wounded.
The worm bites you!
A worm is nearby!
Casting: Foxfire (safe; 5% risk of failure)
Confirm with . or Enter, or press ? or * to list all spells.
You conjure some foxfire!
The foxfire hits the worm.
The worm is severely wounded.
The foxfire hits the worm but does no damage.
The worm is severely wounded.
The worm closely misses you.
Your magical contamination has completely faded away.
A worm is nearby!
Casting: Foxfire (safe; 5% risk of failure)
Confirm with . or Enter, or press ? or * to list all spells.
You conjure some foxfire!
The worm bites you!
Ouch! That really hurt!
* * * LOW HITPOINT WARNING * * *
The foxfire hits the worm.
The worm is almost dead.
The foxfire hits the worm but does no damage.
The worm is almost dead.
A worm is nearby!
Casting: Foxfire (safe; 5% risk of failure)
Confirm with . or Enter, or press ? or * to list all spells.
You conjure some foxfire!
The worm bites you!
Ouch! That really hurt!
You die...

...[.....##.#
#..........
.#####.......#
#....###.. #.#...###
###....# ....#....
#....##### ....#..ยง####
#......... ... ##.#...#
#....##..# ....##.
...#.##.....#...
.......#v.......#+#.#.##
......w@#.###...#.#.#...
##)..##v#.##............
#. #........####.....
#### #.####.....##.....
#....#'####.....+......
#.........#.....###....
#.......#.#.....# #....
#.......#.##....###....
#.......#.<............


You could see a worm (ally target).

Vanquished Creatures
  An adder (D:2)
  2 dart slugs (D:1)
  3 ball pythons
  6 endoplasms (D:1)
  3 hobgoblins
  2 jackals (D:2)
  2 quokkas (D:1)
  A bat (D:1)
  A frilled lizard (D:2)
  2 goblins
  2 kobolds (D:1)
  2 rats
27 creatures vanquished.

Vanquished Creatures (collateral kills)
  2 foxfires (D:1)
2 creatures vanquished.

Vanquished Creatures (others)
  144 foxfires
144 creatures vanquished.

Grand Total: 173 creatures vanquished

Notes
Turn   | Place    | Note
-------+----------+-------------------------------------------
     0 | D:1      | kae the Tengu Fire Elementalist began the quest for the
                  | Orb.
     0 | D:1      | Reached XP level 1. HP: 10/10 MP: 4/4
   317 | D:1      | Reached XP level 2. HP: 16/16 MP: 4/6
   340 | D:1      | Learned a level 2 spell: Scorch
   768 | D:1      | Found a faded altar of an unknown god.
  1036 | D:1      | Reached XP level 3. HP: 20/20 MP: 4/7
  1388 | D:2      | Reached skill level 1 in Fighting
  1572 | D:2      | Found Satesh's Jewellery Shop.
  1733 | D:2      | Mangled by a worm

Illustrated notes

Levels and vault maps discovered:
D:1:      minmay_arrival_glassed_features, layout_basic,
          shapermc_ecumenical_altar_mp_urbaneastern
D:2:      layout_basic, serial_shops, shop

Skill      XL: |  1  2  3 |
---------------+----------+-----
Fighting       | 1 |  1.1
Conjurations   | 2 |  2.0
Dodging        | |  2.5
Stealth        | |  2.0
Spellcasting   | |  2.3
Fire Magic     | |  3.9

Action                   || total
-------------------------++-------
Melee: Unarmed           ||     1
 Cast: Foxfire           ||    80
Armor: Robe              ||     1
Dodge: Dodged            ||     7

Table legend: (Time is in decaauts)
 A = Elapsed time spent in this place.
 B = Non-inter-level travel time spent in this place.
 C = Inter-level travel time spent in this place.
 D = Time resting spent in this place.
 E = Time spent auto-exploring this place.
 F = Levels seen in this place.
 G = Mean time per level.
                   A        B        C        D        E       F      G
               +--------+--------+--------+--------+--------+-----+--------+
         Total |   1732 |   1703 |     29 |      0 |   1472 |   2 |  866.0 |
       Dungeon |   1732 |   1703 |     29 |      0 |   1472 |   2 |  866.0 |
               +--------+--------+--------+--------+--------+-----+--------+

Top non-repeatable levels by time:
     D:1: 1311 daAuts
     D:2: 421 daAuts
